 Dungeon Crawl Stone Soup version 0.29.0-11-gd7f09526c8 (webtiles) character file.

Game seed: 8189018533073024747

289 pacmanke6689 the Gusty (level 6, 0/33 HPs)
             Began as a Tengu Air Elementalist on Sept 4, 2022.
             Slain by a sky beast (6 damage)
             ... on level 4 of the Dungeon.
             The game lasted 00:11:42 (3652 turns).

pacmanke6689 the Gusty (Tengu Air Elementalist)     Turns: 3652, Time: 00:11:43

Health: 0/33       AC:  2    Str: 11    XL:     6   Next: 31%
Magic:  2/11       EV: 19    Int: 18    God:
Gold:   130        SH:  0    Dex: 14    Spells: 7/11 levels left

rFire   . . .      SeeInvis .   l - +4 falchion of the Eleven Ears {pain, Int+3}
rCold   . . .      Faith    .   (no shield)
rNeg    . . .      Spirit   .   a - +0 robe
rPois   .          Reflect  .   (helmet restricted)
rElec   .          Harm     .   (no cloak)
rCorr   .          Rampage  .   (no gloves)
Will    .....                   (boots unavailable)
Stlth   ++........              (no amulet)
HPRegen 0.11/turn               g - +4 ring of evasion
MPRegen 0.12/turn               (no ring)

@: swift (expiring), flying quickly and evasively, hasted, very quick
A: beak, talons 3, nimble flight
a: no special abilities


You were on level 4 of the Dungeon.
You visited 1 branch of the dungeon, and saw 4 of its levels.

You collected 130 gold pieces.

Inventory:

Hand Weapons
 e - a +1 short sword of venom
 l - the +4 falchion of the Eleven Ears (weapon) {pain, Int+3}
   (You found it on level 2 of the Dungeon)

   In the hands of one skilled in necromantic magic, it inflicts extra damage on
   living creatures.
   Int:       It affects your intelligence (+3).
Armour
 a - a +0 robe (worn)
 n - an orb of light
Jewellery
 g - a +4 ring of evasion (left hand)
Scrolls
 c - a scroll of fear {unknown}
 d - 7 scrolls of identify {unknown}
 j - 2 scrolls of vulnerability {unknown}
 m - a scroll of amnesia {unknown}
 q - a scroll of immolation {unknown}
 r - a scroll of enchant armour {unknown}
 s - a scroll of teleportation {unknown}
Potions
 b - 2 potions of magic
 f - 2 potions of invisibility
 h - a potion of cancellation {unknown}
 k - a potion of resistance {unknown}
 o - a potion of heal wounds {unknown}
 p - 2 potions of curing {unknown}


   Skills:
 + Level 0.7 Fighting
 + Level 0.8(1.3) Short Blades
 + Level 1.6(1.8) Long Blades
 + Level 2.6 Dodging
 + Level 3.0 Stealth
 + Level 0.1 Unarmed Combat
 + Level 3.2 Spellcasting
 + Level 3.1 Conjurations
 + Level 6.0 Air Magic


You had 7 spell levels left.
You knew the following spells:

 Your Spells              Type           Power      Damage    Failure   Level
a - Shock                 Conj/Air       76%        1d7       2%          1
b - Swiftness             Air            24%        N/A       4%          3

Your spell library contained the following spells:

 Spells                   Type           Power      Damage    Failure   Level
 Static Discharge         Conj/Air       19%        3-6/arc   3%          2
 Airstrike                Air            12%        2d(2-18)  13%         4
 Stone Arrow              Conj/Erth      16%        3d8       26%         3
 Animate Armour           Summ/Erth      4%         N/A       85%         4
 Lehudib's Crystal Spear  Conj/Erth      4%         10d3      100%        8


Dungeon Overview and Level Annotations

Branches:
Dungeon (4/15)
 Temple: D:4-7

Altars:
Dithmenos
Fedhas
Xom


Innate Abilities, Weirdness & Mutations

You have a beak for a mouth.
You have claws for feet.
Your magical nature lets you fly swiftly and evasively.


Message History

Found a scroll labelled FASSEU GIPIYWILE and a ring mail.
There is a stone staircase leading up here.
Aiming: Shock (safe; 2% risk of failure)
Press: ? - help, Q - select action, (/) - cycle Shift-Dir - straight line, f - endoplasm
Aim: an endoplasm (asleep, 100% to hit)
The zap hits the endoplasm!
You kill the endoplasm!
Aiming: Shock (safe; 2% risk of failure)
Press: ? - help, Q - select action, (/) - cycle Shift-Dir - straight line
Okay, then.
Casting: Shock (safe; 2% risk of failure)
Confirm with . or Enter, or press ? or * to list all spells.
You feel quick.
You hit the sky beast.
The sky beast is lightly wounded.
The sky beast completely misses you.
You completely miss the sky beast. You claw the sky beast.
The sky beast is moderately wounded.
The sky beast hits you. The sky beast shocks you.
The sky beast closely misses you.
You hit the sky beast. You claw the sky beast. Your peck misses the sky beast.
The sky beast is heavily wounded.
The sky beast misses you.
You miss the sky beast. Your kick misses the sky beast.
Your peck misses the sky beast.
The sky beast is heavily wounded.
The sky beast hits you. The sky beast shocks you.
You hit the sky beast. Your kick misses the sky beast.
The sky beast is severely wounded.
You start to feel a little slower.
The sky beast flickers out of sight!
Deactivating autopickup; reactivate with Ctrl-A.
Something barely misses you.
You barely miss something. Something hits you. Something shocks you.
* * * LOW HITPOINT WARNING * * *
Something barely misses you.
It was a potion of haste.
You feel yourself speed up. Something hits you.
* * * LOW HITPOINT WARNING * * *
Something shocks you.
You die...

.#... ...
#....####..
#.....#.... #
#........ ..
#......## .?# .
#......#....
...#.........#
.......<...#.#
####...@.....#
#....{...###
..........##>
..........#..
.[........#.♣
.........##.
........###.
##.......#.######
........##...##


There were no monsters in sight!

Vanquished Creatures
  2 ogres
  2 hounds (D:3)
  An adder (D:2)
  An orc (D:3)
  5 ball pythons
  7 bats
  8 endoplasms
  A giant cockroach (D:1)
  8 hobgoblins
  6 kobolds
  2 quokkas
  2 frilled lizards
  7 goblins
  4 rats
56 creatures vanquished.

Vanquished Creatures (others)
  A withered plant (D:4)
1 creature vanquished.

Grand Total: 57 creatures vanquished

Notes
Turn   | Place    | Note
-------+----------+-------------------------------------------
     0 | D:1      | pacmanke6689 the Tengu Air Elementalist began the quest for
                  | the Orb.
     0 | D:1      | Reached XP level 1. HP: 10/10 MP: 4/4
   107 | D:1      | Reached XP level 2. HP: 15/15 MP: 1/6
   808 | D:1      | Reached XP level 3. HP: 15/19 MP: 7/7
  1352 | D:2      | Identified the +4 falchion of the Eleven Ears {pain, Int+3}
  2276 | D:3      | Found a faded altar of an unknown god.
  2328 | D:3      | Found a blossoming altar of Fedhas.
  2362 | D:3      | Noticed an ogre
  2371 | D:3      | Killed an ogre
  2372 | D:3      | Reached skill level 5 in Air Magic
  2372 | D:3      | Reached XP level 4. HP: 3/24 MP: 1/9
  2372 | D:3      | Gained mutation: Your magical nature lets you fly swiftly
                  | and evasively. [Tengu growth]
  2372 | D:3      | Reached XP level 5. HP: 3/28 MP: 1/10
  2669 | D:3      | Learned a level 3 spell: Swiftness
  2692 | D:3      | Found a shimmering altar of Xom.
  2704 | D:3      | Reached skill level 1 in Long Blades
  2779 | D:3      | Found a shadowy altar of Dithmenos.
  3585 | D:4      | Noticed an ogre
  3596 | D:4      | Noticed a black bear
  3599 | D:4      | Killed an ogre
  3600 | D:4      | Reached XP level 6. HP: 33/33 MP: 1/11
  3600 | D:4      | Noticed a sky beast
  3610 | D:3      | Reached skill level 6 in Air Magic
  3652 | D:4      | Slain by a sky beast

Illustrated notes

Levels and vault maps discovered:
D:1:      ebering_trefoil_3fold, layout_rooms, minmay_misc_feat_iff,
          minmay_misc_feat_x, minmay_tetromino_i4
D:2:      layout_loops_corners, nicolae_elevator_lobby_plus
D:3:      layout_basic, fedhas_altar_4, mainiacjoe_overflow_catwalk,
          nicolae_overflow_crystal_walls, nicolae_ecumenical_oubliette
D:4:      layout_cave_pools, kiku_gazebo_garden_becter,
          nicolae_uskayaw_dance_hall, grunt_ministairs_4, st_stairs_5,
          amcnicky_mini_pool_small, minmay_misc_feat_chi

Skill      XL: |  1  2  3  4  5  6 |
---------------+-------------------+-----
Conjurations   | 2 3 |  3.1
Air Magic      | 5 6 |  6.0
Long Blades    | 1 |  1.6
Spellcasting   | 3 |  3.2
Stealth        | 3 |  3.0
Fighting       | |  0.7
Short Blades   | |  0.8
Dodging        | |  2.6
Unarmed Combat | |  0.1

Action                   |  1- 3 |  4- 6 || total
-------------------------+-------+-------++-------
Melee: Dagger            |    23 |       ||    23
       Unarmed           |     2 |       ||     2
       Kick              |     8 |     5 ||    13
       Peck              |     3 |     6 ||     9
       Falchion          |     8 |    27 ||    35
       Punch             |     1 |       ||     1
 Cast: Shock             |    47 |    26 ||    73
       Swiftness         |       |     2 ||     2
  Use: Potion            |       |     1 ||     1
 Stab: Sleeping          |     2 |     1 ||     3
Armor: Robe              |     4 |     1 ||     5
Dodge: Dodged            |    15 |    32 ||    47
